 Dungeon Crawl Stone Soup version 0.28.0-49-g6dfe1f597d (webtiles) character file.

Game seed: 16668260707067148131

627 H0rd4k the Charlatan (level 7, 0/50 HPs)
             Began as a Human Artificer on May 20, 2022.
             Slain by an orc
             ... wielding a +0 trident
              (5 damage)
             ... on level 4 of the Dungeon.
             The game lasted 00:04:17 (5029 turns).

H0rd4k the Charlatan (Human Artificer)              Turns: 5029, Time: 00:04:18

Health: 0/50       AC:  3    Str: 12    XL:     7   Next: 77%
Magic:  7/7        EV: 12    Int: 14    God:
Gold:   114        SH:  5    Dex: 13    Spells: 6/6 levels left

rFire   . . .      SeeInvis .   i - +3 dagger (protect)
rCold   . . .      Faith    .   (no shield)
rNeg    . . .      Spirit   .   b - +0 leather armour
rPois   .          Reflect  +   (no helmet)
rElec   .          Harm     .   (no cloak)
rCorr   .          Rampage  .   (no gloves)
Will    .....                   (no boots)
Stlth   ++........              o - amulet of reflection
HPRegen 0.16/turn               (no ring)
MPRegen 0.10/turn               (no ring)

@: no status effects
A: no striking features
a: no special abilities


You were on level 4 of the Dungeon.
You visited 1 branch of the dungeon, and saw 4 of its levels.

You collected 114 gold pieces.

Inventory:

Hand Weapons
 a - a +0 club
 i - a +3 dagger of protection (weapon)
 k - a +1 dagger of holy wrath
Missiles
 l - 4 poisoned darts (quivered)
Armour
 b - a +0 leather armour (worn)
 t - a +0 helmet
Jewellery
 o - an amulet of reflection (around neck)
Wands
 d - a wand of charming (3)
Scrolls
 f - 2 scrolls of vulnerability {unknown}
 g - 2 scrolls of magic mapping {unknown}
 h - a scroll of identify {unknown}
 m - 2 scrolls of teleportation {unknown}
 p - a scroll of brand weapon {unknown}
 r - a scroll of fog {unknown}
 s - a scroll of blinking {unknown}
Potions
 c - a potion of heal wounds {unknown}
 j - 3 potions of curing
 n - a potion of invisibility {unknown}
 q - 2 potions of magic {unknown}
Miscellaneous
 e - a piece from Xom's chessboard (15/15)


   Skills:
 + Level 2.2 Fighting
 + Level 3.0 Short Blades
 + Level 1.3 Maces & Flails
 + Level 0.7 Throwing
 + Level 3.2 Armour
 + Level 2.5 Dodging
 + Level 4.1 Stealth
 + Level 1.5 Shields
 + Level 4.3 Evocations


You had 6 spell levels left.
You didn't know any spells.
Your spell library contained the following spells:

 Spells                   Type           Power      Damage    Failure   Level
 Pain                     Necr           0%         1d4       36%         1
 Agony                    Necr           0%         N/A       100%        5
 Excruciating Wounds      Necr           0%         N/A       100%        5


Dungeon Overview and Level Annotations

Branches:
Dungeon (4/15)
 Temple: D:4-7

Altars:
Wu Jian

Annotations:
D:3 1 runed translucent door, Sigmund; hitsuchi's ghost, amateur DgCj


Message History

The ogre is almost dead.
You hear a shout!
The ogre hits you with a +0 giant club!
* * * LOW HITPOINT WARNING * * *
The orc hits you but does no damage.
The ogre looks more healthy.
There is a stone staircase leading up here.
Aiming: Charm
Press: ? - help, Shift-Dir - straight line, f/p - ogre
Aim: an ogre, wielding a +0 giant club (almost dead, chance to affect: 60%)
The ogre is charmed.
Unknown command.
What are your orders? t - Shout!
Orders for allies: a - Attack new target. p - Attack previous target. r - Retreat! s - Stop attacking. g - Guard the area. f - Follow me.
Anything else - Cancel.
Guard this area!
The orc hits your ogre with a +0 dagger.
Your ogre dies!
Your Short Blades skill increases to level 3!
The orc hits you with a +0 dagger.
* * * LOW HITPOINT WARNING * * *
Aiming: Charm
Press: ? - help, Shift-Dir - straight line, f - orc
Aim: an orc, wielding a +0 trident (chance to affect: 76%)
The orc barely resists.
Unknown command.
Aiming: Charm
Press: ? - help, Shift-Dir - straight line, f/p - orc
Aim: an orc, wielding a +0 trident (chance to affect: 76%)
The orc barely resists.
Unknown command.
Aiming: Charm
Press: ? - help, Shift-Dir - straight line, f/p - orc
Aim: an orc, wielding a +0 trident (chance to affect: 76%)
The orc barely resists.
The orc hits you from afar with a +0 trident.
You die...

..####.#########......#
.........##### #......#
######.......# #......#
#.......# #.######
#.......# #.# #.......#
#.# #.......# #.#
#.......###.#
#....)....#@#
#####)###.#.# #..##.#o#
##)##.#o# #<).#.#.#
##..#.#o# #..#.#S#
####### #..#.#.#
#...... ##.#.#.#
#.#####


You could see 3 orcs and a ball python.

Vanquished Creatures
  2 scorpions (D:4)
  A jelly (D:4)
  A centaur skeleton (D:4)
  2 hounds (D:4)
  An orc priest (D:4)
  Jessica (D:2)
  2 iguanas (D:4)
  A gnoll (D:1)
  2 adders
  2 worms
  3 orcs (D:4)
  9 ball pythons
  6 bats
  5 endoplasms
  3 giant cockroaches
  9 goblins
  8 hobgoblins
  3 jackals (D:1)
  2 quokkas (D:2)
  3 frilled lizards
  3 kobolds
  6 rats
75 creatures vanquished.

Vanquished Creatures (collateral kills)
  A black bear (D:4)
1 creature vanquished.

Vanquished Creatures (others)
  An ogre (D:4)
  A scorpion (D:4)
  An orc priest (D:4)
  An orc (D:4)
  A plant (D:1)
5 creatures vanquished.

Grand Total: 81 creatures vanquished

Notes
Turn   | Place    | Note
-------+----------+-------------------------------------------
     0 | D:1      | H0rd4k the Human Artificer began the quest for the Orb.
     0 | D:1      | Reached XP level 1. HP: 15/15 MP: 1/1
   125 | D:1      | Reached XP level 2. HP: 3/21 MP: 2/2
   587 | D:1      | Reached XP level 3. HP: 26/26 MP: 3/3
  2125 | D:2      | Noticed Jessica
  2130 | D:2      | Killed Jessica
  2131 | D:2      | Reached skill level 1 in Maces & Flails
  2131 | D:2      | Reached XP level 4. HP: 32/32 MP: 4/4
  2569 | D:2      | Found a faded altar of an unknown god.
  3121 | D:3      | Reached XP level 5. HP: 37/37 MP: 5/5
  3196 | D:3      | Found an ornate altar of the Wu Jian Council.
  3395 | D:3      | Found a runed translucent door.
  3395 | D:3      | Noticed hitsuchi's ghost (amateur DgCj)
  3561 | D:3      | Noticed Sigmund
  3769 | D:4      | Reached skill level 1 in Short Blades
  4123 | D:4      | Reached XP level 6. HP: 28/44 MP: 6/6
  4295 | D:4      | Noticed a black bear
  4310 | D:4      | Killed a black bear
  4396 | D:4      | Reached XP level 7. HP: 49/50 MP: 7/7
  4410 | D:4      | Reached skill level 1 in Shields
  5029 | D:4      | Slain by an orc

Illustrated notes

Levels and vault maps discovered:
D:1:      lemuel_arrival_lava_pool, layout_basic, chequers_big_river
D:2:      layout_basic, basic_ecumenical_altar, ebering_dispersal_statue_hall,
          chequers_avenue, uniq_jessica
D:3:      layout_basic, mainiacjoe_overflow_alcove_4,
          hellmonk_ghost_happy_afterlife, hangedman_decor_push,
          minmay_misc_feat_roman, uniq_sigmund
D:4:      layout_basic

Skill      XL: |  1  2  3  4  5  6  7 |
---------------+----------------------+-----
Maces & Flails | 1 |  1.3
Stealth        | 2 3 4 |  4.1
Short Blades   | 1 2 3 |  3.0
Armour         | 3 |  3.2
Dodging        | 2 |  2.5
Evocations     | 4 |  4.3
Fighting       | 2 |  2.2
Shields        | 1 |  1.5
Throwing       | |  0.7

Action                   |  1- 3 |  4- 6 |  7- 9 || total
-------------------------+-------+-------+-------++-------
Melee: Club              |    92 |       |       ||    92
       Dagger            |    24 |   130 |    71 ||   225
       Punch             |     1 |     2 |     1 ||     4
Throw: Dart              |       |     4 |     6 ||    10
Evoke: Wand              |    11 |    12 |     4 ||    27
       Piece from Xom's  |       |     3 |       ||     3
 Stab: Sleeping          |     1 |    12 |     1 ||    14
       Petrified         |       |     2 |       ||     2
Armor: Leather armour    |    44 |    29 |    17 ||    90
Dodge: Dodged            |    92 |    47 |    32 ||   171
Block: Other             |       |    18 |    14 ||    32
